 Dungeon Crawl Stone Soup version 0.23.1 (webtiles) character file.

Game seed: 2734051049778821650

269 PentaManta the Quickloader (level 6, -8/35 HPs)
             Began as a Kobold Hunter on Mar 17, 2019.
             Was an Initiate of Okawaru.
             Mangled by an ice beast (13 damage)
             ... on level 5 of the Dungeon.
             The game lasted 00:10:04 (4278 turns).

PentaManta the Quickloader (Kobold Hunter)          Turns: 4278, Time: 00:10:05

Health: -8/35      AC:  6    Str: 11    XL:     6   Next: 46%
Magic:  6/6        EV: 14    Int: 13    God:    Okawaru [......]
Gold:   210        SH:  0    Dex: 15    Spells: 5/5 levels left

rFire    . . .     SeeInvis .   a - +1 hand crossbow
rCold    . . .     Gourm    .   (shield restricted)
rNeg     . . .     Faith    .   c - +0 leather armour
rPois    .         Spirit   .   u - +1 helmet
rElec    .         Reflect  .   h - +0 cloak
rCorr    .         Harm     +   (no gloves)
MR       +....                  (no boots)
Stlth    +++.......             q - amulet of harm
HPRegen  0.11/turn              w - ring of protection from magic
MPRegen  0.10/turn              x - ring of stealth

@: no status effects
A: small, carnivore
a: Renounce Religion


You were on level 5 of the Dungeon.
You worshipped Okawaru.
Okawaru was noncommittal.
You were not hungry.

You visited 2 branches of the dungeon, and saw 6 of its levels.

You collected 210 gold pieces.

Inventory:

Hand Weapons
 a - a +1 hand crossbow (weapon)
 g - a +1 dagger of speed
Missiles
 v - 2 bolts (quivered)
Armour
 c - a +0 leather armour (worn)
 h - a +0 cloak (worn)
 u - a +1 helmet (worn)
Jewellery
 q - an amulet of harm (around neck)
 w - a ring of protection from magic (left hand)
 x - a ring of stealth (right hand)
Scrolls
 b - a scroll of enchant weapon {unknown}
 e - a scroll of enchant armour {unknown}
 i - 3 scrolls of identify {unknown}
 j - a scroll of remove curse {unknown}
 l - a scroll of magic mapping {unknown}
 o - 2 scrolls of teleportation {unknown}
 p - a scroll of amnesia {unknown}
 r - a scroll of fear {unknown}
Potions
 d - a potion of heal wounds {unknown}
 k - a potion of ambrosia {unknown}
 m - a potion of mutation {unknown}
 n - 3 potions of curing {unknown}
 s - 2 potions of degeneration {unknown}
Comestibles
 f - 6 rations


   Skills:
 - Level 2.1 Fighting
 + Level 8.8 Crossbows
 - Level 2.4 Dodging
 - Level 1.3 Stealth


You had 5 spell levels left.
You didn't know any spells.
Your spell library was empty.

Dungeon Overview and Level Annotations

Branches:
Dungeon (5/15)             Temple (1/1) D:4

Altars:
Dithmenos
Elyvilon
Fedhas
Hepliaklqana
Kikubaaqudgha
Nemelex Xobeh
Okawaru
Qazlal
Ru
Sif Muna
Trog
Uskayaw
Vehumet
Wu Jian
Xom
Yredelemnul
Zin
The Shining One

Annotations:
D:4 phantom


Innate Abilities, Weirdness & Mutations

You are small and have problems with some larger weapons.
You are carnivorous and can eat meat at any time.


Message History

The ice beast closely misses you.
Firing (i - inventory)
v - a bolt (quivered)
Press: ? - help, Shift-Dir - straight line, f/p - ice beast
Aim: an ice beast (moderately wounded)
You shoot a bolt. The bolt barely misses the ice beast.
The ice beast barely misses you.
There is a stone staircase leading up here.
Found a scroll labeled ICAGESHAMUO.
Found a ration.
The ice beast closely misses you.
You see here a scroll labeled ICAGESHAMUO.
Found a ring mail and 9 gold pieces.
Found a naga barding.
A scorpion comes into view.
You see here 2 bolts.
v - 2 bolts The ice beast hits you.
* * * LOW HITPOINT WARNING * * *
The ice beast freezes you!
You die...

#?######.#####.
#.# #.# #.# #.#
#######.######.#
#$.[.........#.#
...####.####.#<#
......%........#
........####Y###
.s....### #@..#
......
#(........
......
#....##### ....[
#.#.## .....
?.#.# ####.# #..
##


You could see an ice beast.

Vanquished Creatures
  A centaur skeleton (D:4)
  2 iguanas (D:2)
  Robin (D:3)
  8 adders
  An ooze (D:2)
  An adder skeleton (D:4)
  2 worms (D:2)
  A leopard gecko (D:3)
  4 orcs (D:4)
  5 giant cockroaches
  21 goblins
  10 hobgoblins
  3 jackals (D:2)
  7 kobolds
  A quokka (D:4)
  A ball python (D:1)
  9 bats
  8 frilled lizards
  4 rats
90 creatures vanquished.

Notes
Turn   | Place    | Note
-------+----------+-------------------------------------------
     0 | D:1      | PentaManta the Kobold Hunter began the quest for the Orb.
     0 | D:1      | Reached XP level 1. HP: 12/12 MP: 1/1
   100 | D:1      | Reached skill level 5 in Crossbows
   128 | D:1      | Reached XP level 2. HP: 17/17 MP: 2/2
   442 | D:1      | Reached XP level 3. HP: 21/21 MP: 3/3
   518 | D:2      | Reached skill level 6 in Crossbows
   617 | D:2      | Reached XP level 4. HP: 26/26 MP: 4/4
   685 | D:2      | Reached skill level 7 in Crossbows
  1049 | D:2      | Reached XP level 5. HP: 17/30 MP: 5/5
  1256 | D:2      | Found a hazy altar of Hepliaklqana.
  1257 | D:2      | Found a stormy altar of Qazlal.
  1257 | D:2      | Found an ancient bone altar of Kikubaaqudgha.
  1258 | D:2      | Found a shimmering altar of Xom.
  1910 | D:3      | Noticed Robin
  1948 | D:2      | Reached skill level 8 in Crossbows
  2288 | D:3      | Killed Robin
  2288 | D:3      | Reached XP level 6. HP: 23/35 MP: 6/6
  3566 | D:4      | Found a staircase to the Ecumenical Temple.
  3575 | Temple   | Entered the Ecumenical Temple
  3637 | Temple   | Became a worshipper of Warmaster Okawaru
  4017 | D:4      | Noticed a phantom
  4243 | D:5      | Entered Level 5 of the Dungeon
  4243 | D:5      | Noticed an ice beast
  4278 | D:5      | Mangled by an ice beast

Skill      XL: |  1  2  3  4  5 |
---------------+----------------+-----
Crossbows      | 5 6 7 8 |  8.8
Fighting       | |  2.1
Dodging        | |  2.4
Stealth        | |  1.3

Action                   |  1- 3 |  4- 6 || total
-------------------------+-------+-------++-------
Melee: Dagger            |       |   188 ||   188
 Fire: Hand crossbow     |    55 |    74 ||   129
 Stab: Sleeping          |       |     3 ||     3
  Eat: Chunk             |       |     8 ||     8
       Ration            |       |     1 ||     1
Armor: Leather armour    |     1 |    34 ||    35
Dodge: Dodged            |     7 |   116 ||   123
